 Dungeon Crawl Stone Soup version 0.19-a0-1815-g4007336 (webtiles) character file.

307 Amnesiac the Magician (level 6, 0/41 HPs)
             Began as a Mummy Wizard on Oct 5, 2016.
             Slain by an ogre
             ... wielding a +0 giant club
              (25 damage)
             ... on level 5 of the Dungeon.
             The game lasted 00:07:20 (3825 turns).

Amnesiac the Magician (Mummy Wizard)                Turns: 3825, Time: 00:07:20

Health: 0/41       AC:  4    Str: 10    XL:     6   Next: 16%
Magic:  3/13       EV: 12    Int: 18    God:
Gold:   147        SH:  5    Dex: 15    Spells: 6 memorised, 2 levels left

rFire  x . .     SeeInvis .     q - +1 dagger (venom)
rCold  + . .     Gourm    .     a - +0 robe
rNeg   + + +     Faith    +     d - +0 buckler
rPois  ∞         Spirit   .     b - +0 hat
rElec  .         Dismiss  .     i - +0 cloak
rCorr  .         Reflect  .     n - +0 pair of gloves
MR     .....     Harm     .     (no boots)
Stlth  ++........               f - amulet of faith
                                (no ring)
                                k - +3 ring of dexterity

@: very slightly contaminated, repel missiles
A: no food or potions, fire vulnerability, cold resistance 1, negative energy
resistance 3, torment resistance, unbreathing
a: no special abilities


You were on level 5 of the Dungeon.
You were not hungry.

You visited 1 branch of the dungeon, and saw 5 of its levels.

You collected 147 gold pieces.

Inventory:

Hand Weapons
 g - a +0 dagger of speed
 q - a +1 dagger of venom (weapon)
 s - a +0 trident
Armour
 a - a +0 robe (worn)
 b - a +0 hat (worn)
 d - a +0 buckler (worn)
 i - a +0 cloak (worn)
 n - a +0 pair of gloves (worn)
Jewellery
 f - an amulet of faith (around neck)
 k - a +3 ring of dexterity (left hand)
 m - an uncursed ring of flight {unknown}
 p - a cursed ring of teleportation {unknown}
Wands
 r - a wand of random effects (14/48)
Scrolls
 e - a scroll of enchant armour {unknown}
 h - 3 scrolls of teleportation
 j - 2 scrolls of remove curse
 l - 5 scrolls of identify {unknown}
 o - a scroll of magic mapping
 t - a scroll of recharging {unknown}
Books
 c - a book of Minor Magic

   Spells                             Type                      Level
   a - Magic Dart                     Conjuration                  1
   b - Blink                          Translocation                2
   c - Call Imp                       Summoning                    2
   d - Repel Missiles                 Charms/Air                   2
   e - Slow                           Hexes                        2
   f - Conjure Flame                  Conjuration/Fire             3
   g - Mephitic Cloud                 Conjuration/Poison/Air       3


   Skills:
 - Level 1.5 Dodging
 - Level 1.5 Stealth
 + Level 3.4 Shields
 - Level 5.0 Spellcasting
 - Level 1.0 Conjurations
 - Level 0.7 Summonings
 - Level 0.7 Translocations


You had 2 spell levels left.
You knew the following spells:

 Your Spells              Type           Power        Failure   Level  Hunger
a - Repel Missiles        Chrm/Air       #.....       24%         2    N/A
b - Blink                 Tloc           N/A          21%         2    N/A
d - Call Imp              Summ           #.......     21%         2    N/A
e - Mephitic Cloud        Conj/Pois/Air  #.......     38%         3    N/A
f - Magic Dart            Conj           #...         12%         1    N/A
s - Conjure Flame         Conj/Fire      #.......     38%         3    N/A

Dungeon Overview and Level Annotations

Branches:
Dungeon (5/15)
 Temple: D:4-7

Altars:
Okawaru
Ru
Trog

Annotations:
D:4 p0werm0de's ghost, amateur VSCK
D:5 Tux's ghost, novice DrTm


Innate Abilities, Weirdness & Mutations

You do not eat or drink.
Your flesh is vulnerable to fire.
You are immune to poison.
Your flesh is cold resistant. (rC+)
You are immune to negative energy. (rN+++)
You are immune to unholy pain and torment.
You can survive without breathing.


Message History

The quokka is almost dead.
You kill the quokka!
Casting: Mephitic Cloud
Confirm with . or Enter, or press ? or * to list all spells.
Aiming: Mephitic Cloud
Press: ? - help, Shift-Dir - straight line, f/p - ogre
Aim: an ogre, wielding a giant club (lightly wounded, confused)
You miscast Mephitic Cloud.
The wind howls around you!
Tux's ghost (novice Black Draconian Transmuter) comes into view.
Unknown command.
Casting: Mephitic Cloud
Confirm with . or Enter, or press ? or * to list all spells.
Aiming: Mephitic Cloud
Press: ? - help, Shift-Dir - straight line, f/p - ogre
Aim: an ogre, wielding a giant club (lightly wounded, confused)
You miscast Mephitic Cloud.
You feel a strange surge of energy!
The ogre seems less confused.
The ogre hits you with a giant club!!
Ouch! That really hurt!
You die...

##.....##.#.#...!.......
#...>....(.....#..........##
#....#....##..#.#.##.##.Os..
#.#.##.#.....†#.#.##.##.....
# #. #.####........W...>....
# #.####...#......##.....
#..>.....###.#<%# ....
######..O# #.#..# #(#
.#######..@# #.#..# #.#
...........# #.#..# #.###.
########...###.#..####.....
#######.........†.....# #.
.........####.#..####.# ##
#######.## #.#.......#
#.#####.##.####.####
#.......##.# #.....
##########.(....####


You could see an ogre.

Vanquished Creatures
  An orc wizard (D:4)
  3 worker ants
  A gnoll (D:5)
  3 adders
  An ooze (D:1)
  2 worms (D:4)
  2 leopard geckos
  4 orcs
  A ball python (D:5)
  3 bats
  4 giant cockroaches
  6 goblins
  3 hobgoblins
  3 jackals (D:3)
  2 quokkas
  2 frilled lizards
  A kobold (D:3)
  2 rats
44 creatures vanquished.

Vanquished Creatures (collateral kills)
  A necrophage (D:5)
  An ogre (D:4)
  A giant cockroach (D:4)
3 creatures vanquished.

Grand Total: 47 creatures vanquished

Notes
Turn   | Place    | Note
-------+----------+-------------------------------------------
     0 | D:1      | Amnesiac the Mummy Wizard began the quest for the Orb.
     0 | D:1      | Reached XP level 1. HP: 13/13 MP: 4/4
    17 | D:1      | Reached skill level 1 in Conjurations
   332 | D:1      | Reached XP level 2. HP: 19/19 MP: 0/6
   395 | D:1      | Learned a level 2 spell: Call Imp
   398 | D:1      | Learned a level 2 spell: Repel Missiles
   931 | D:2      | Reached XP level 3. HP: 24/24 MP: 5/8
   936 | D:2      | Learned a level 3 spell: Mephitic Cloud
  1006 | D:3      | Reached skill level 4 in Spellcasting
  1340 | D:3      | Found a sacrificial altar of Ru.
  1682 | D:4      | Noticed a phantom
  1863 | D:4      | Noticed an ogre
  1881 | D:4      | Killed an ogre
  1881 | D:4      | Reached XP level 4. HP: 30/30 MP: 2/10
  1891 | D:4      | Learned a level 3 spell: Conjure Flame
  2062 | D:4      | Reached skill level 5 in Spellcasting
  2076 | D:4      | Learned a level 2 spell: Blink
  2278 | D:4      | Reached skill level 1 in Shields
  2278 | D:4      | Reached XP level 5. HP: 35/35 MP: 8/12
  2904 | D:4      | Noticed p0werm0de's ghost (amateur VSCK)
  2938 | D:5      | Entered Level 5 of the Dungeon
  2938 | D:5      | Found an iron altar of Okawaru.
  2938 | D:5      | Found a bloodstained altar of Trog.
  3314 | D:5      | Noticed an ogre
  3357 | D:5      | Noticed a phantom
  3414 | D:5      | Noticed a necrophage
  3488 | D:5      | Killed a necrophage
  3488 | D:5      | Reached XP level 6. HP: 10/41 MP: 10/13
  3821 | D:5      | Noticed Tux's ghost (novice DrTm)
  3825 | D:5      | Slain by an ogre

Vault maps used:
D:1:      grunt_arrival_lava_bath, serial_glass, glass_columns_c,
          glass_columns_a, glass_columns_a, glass_columns_b
D:2:      lemuel_doored_altar, kennysheep_vampire_church, first_bread,
          minmay_pentomino_o2, uniq_iyjb
D:3:      nicolae_overflow_crystal_walls, due_unseen_surprise
D:4:      kennysheep_pointless_box
D:5:      grunt_temple_overflow_bloody_war, hangedman_abyss_or_decor_passed

Skill      XL: |  1  2  3  4  5 |
---------------+----------------+-----
Conjurations   | 1 |  1.0
Spellcasting   | 4 5 |  5.0
Shields        | 1 3 |  3.4
Dodging        | |  1.5
Stealth        | |  1.5
Summonings     | |  0.7
Translocations | |  0.7

Action                   |  1- 3 |  4- 6 || total
-------------------------+-------+-------++-------
Melee: Unarmed           |    10 |       ||    10
       Dagger            |     4 |    76 ||    80
       Trident           |       |    24 ||    24
 Cast: Magic Dart        |    82 |    13 ||    95
       Repel Missiles    |     1 |       ||     1
       Call Imp          |     3 |     5 ||     8
       Mephitic Cloud    |     1 |     8 ||     9
       Conjure Flame     |       |     2 ||     2
  Use: Scroll            |     3 |       ||     3
 Stab: Sleeping          |     1 |     3 ||     4
       Confused          |       |    10 ||    10
Armor: Robe              |     6 |    14 ||    20
Dodge: Dodged            |    24 |    46 ||    70
Block: Buckler           |       |     1 ||     1
